AoeStats
← 哩來

Arena

510510590Analyzed
1v1 RM · 2d ago on Oct 1, 2026· 34m 25s· 2 players
Game mode
Random Map
Map size
Tiny (2 player)
Population
200
Speed
Normal
Resources
Standard
Victory
Conquest
Starting age
Dark Age
Ending age
Imperial Age
RankedLock teamsTeams togetherTeam positionsShared explorationLock speedFull tech treeHidden civsTurbo modeCheats
Victory
Defeat
1017
+16
🇹🇼 Burgundians · Taiwan
1021
-16
Frieve-A (YouTube, Japan)
10:49 Feudal Age
12:07 Double-Bit Axe
12:39 Loom
15:16 Castle Age
12:58 Horse Collar
16:12 Bow Saw
16:15 Heavy Plow
18:49 Wheelbarrow
19:00 Scale Mail Armor
21:26 Forging
25:17 Chain Mail Armor
25:51 Iron Casting
28:38 Fletching
37:03 Imperial Age
哩來
6:59 Double-Bit Axe
12:12 Feudal Age
10:30 Horse Collar
16:10 Castle Age
14:52 Bow Saw
14:44 Heavy Plow
14:49 Stone Mining
15:11 Gold Mining
21:57 Wheelbarrow
27:01 Crop Rotation
27:32 Two-Man Saw
27:10 Gold Shaft Mining
27:16 Stone Shaft Mining
27:40 Hand Cart
27:15 Loom
27:15 Town Watch
31:51 Scale Barding Armor
31:56 Forging
31:28 Light Cavalry
32:09 Husbandry
34:51 Chain Barding Armor
Connection lost

Rejoining the realm…

Still unreachable

The connection could not be restored.

Session expired

The server has moved on; the page needs a fresh start.